 Dungeon Crawl Stone Soup version 0.22-a0-480-g991dd4b2b4 (webtiles) character file.

924 Oirien the Chopper (level 7, 0/61 HPs)
             Began as a Minotaur Fighter on June 16, 2018.
             Was an Initiate of Makhleb.
             Slain by a bullfrog (5 damage)
             ... on level 5 of the Dungeon.
             The game lasted 00:11:24 (4252 turns).

Oirien the Chopper (Minotaur Fighter)               Turns: 4252, Time: 00:11:25

Health: 0/61       AC:  8    Str: 23    XL:     7   Next: 84%
Magic:  6/6        EV:  8    Int:  5    God:    Makhleb [......]
Gold:   272        SH: 10    Dex:  9    Spells: 6/6 levels left

rFire    . . .     SeeInvis .   b - +0 flail (drain)
rCold    . . .     Gourm    .   c - +0 shield
rNeg     . . .     Faith    .   m - +0 scale mail
rPois    .         Spirit   .   (helmet restricted)
rElec    .         Reflect  .   (no cloak)
rCorr    .         Harm     .   h - +0 pair of gloves
MR       .....                  (no boots)
Stlth    ..........             (no amulet)
HPRegen  0.20/turn              (no ring)
MPRegen  0.10/turn              (no ring)

@: no status effects
A: retaliatory headbutt, horns 2
a: Renounce Religion


You were on level 5 of the Dungeon.
You worshipped Makhleb.
Makhleb was noncommittal.
You were not hungry.

You visited 2 branches of the dungeon, and saw 6 of its levels.

You collected 272 gold pieces.

Inventory:

Hand Weapons
 a - a +0 war axe
 b - a +0 flail of draining (weapon)
Armour
 c - a +0 shield (worn)
 h - a +0 pair of gloves (worn)
 m - a +0 scale mail (worn)
Jewellery
 e - an uncursed amulet of magic regeneration {unknown}
 t - an uncursed ring of protection from magic {unknown}
Wands
 q - a wand of flame (12)
 s - a wand of disintegration (10)
Scrolls
 g - 5 scrolls of remove curse {unknown}
 j - 2 scrolls of magic mapping {unknown}
 o - 4 scrolls of teleportation {unknown}
Potions
 d - 2 potions of might
 i - 3 potions of curing {unknown}
 k - a potion of degeneration {unknown}
 l - a potion of invisibility {unknown}
 n - 2 potions of cancellation {unknown}
 p - a potion of berserk rage {unknown}
 r - a potion of brilliance {unknown}
 u - a potion of magic {unknown}
Comestibles
 f - 4 rations


   Skills:
 + Level 5.5 Fighting
 + Level 6.8(7.2) Axes
 + Level 3.0(5.3) Maces & Flails
 + Level 6.0 Armour
 + Level 0.5 Stealth
 + Level 5.7 Shields


You had 6 spell levels left.
You didn't know any spells.
Your spell library was empty.

Dungeon Overview and Level Annotations

Branches:
Dungeon (5/15)             Temple (1/1) D:4

Altars:
Ashenzari
Dithmenos
Elyvilon
Fedhas
Gozag
Hepliaklqana
Kikubaaqudgha
Makhleb
Nemelex Xobeh
Okawaru
Qazlal
Ru
Sif Muna
Trog
Vehumet
Wu Jian
Xom
Yredelemnul
Zin

Annotations:
D:5 Menkaure


Innate Abilities, Weirdness & Mutations

You reflexively headbutt those who attack you in melee.
You have a pair of horns on your head.


Message History

Menkaure mumbles some strange words.
Menkaure seems to speed up.
You block the bullfrog's attack.
Menkaure calls on the powers of darkness!
The bullfrog convulses!
Your body is wracked with pain!
* * * LOW HITPOINT WARNING * * *
You block the bullfrog's attack. The bullfrog barely misses you.
The bullfrog hits you.
* * * LOW HITPOINT WARNING * * *
You block the bullfrog's attack.
Menkaure hums, "Let me perform the rites..."
Menkaure calls on the powers of darkness!
The bullfrog convulses!
Your body is wracked with pain!
* * * LOW HITPOINT WARNING * * *
You block the bullfrog's attack. The bullfrog hits you.
* * * LOW HITPOINT WARNING * * *
There is a stone staircase leading up here.
The bullfrog hits you.
You die...

##########.##.#.##.
#........#.#......
#.######.#.#..#.##
#.# #.........#
#.########.#.#...#
#..(.............#
#........M.......#
#.########.......#
#.# #...F@..# #.#
#....#..# #.#
#.......# #.#
#....#..# #.#
#....#..# #M#
#....#..# #.#
...#.#..# #'#
......#..# ...


You could see Menkaure and a bullfrog.

Vanquished Creatures
  Grinder (D:4)
  Edmund (D:4)
  A phantom (D:4)
  A sky beast (D:5)
  A scorpion (D:4)
  A jelly (D:4)
  5 orc priests
  A hound (D:4)
  An orc wizard (D:4)
  A worker ant (D:4)
  2 adders
  3 oozes
  4 worms (D:2)
  A dart slug (D:1)
  4 leopard geckos
  11 orcs
  3 giant cockroaches
  5 goblins
  9 hobgoblins
  4 jackals (D:1)
  2 quokkas (D:3)
  2 ball pythons
  7 bats
  6 frilled lizards
  5 kobolds
  A rat (D:3)
83 creatures vanquished.

Notes
Turn   | Place    | Note
-------+----------+-------------------------------------------
     0 | D:1      | Oirien the Minotaur Fighter began the quest for the Orb.
     0 | D:1      | Reached XP level 1. HP: 19/19 MP: 0/0
   131 | D:1      | Reached XP level 2. HP: 21/27 MP: 1/1
   515 | D:1      | Reached XP level 3. HP: 33/33 MP: 2/2
  1151 | D:2      | Found a stormy altar of Qazlal.
  1303 | D:2      | Found a shadowy altar of Dithmenos.
  1677 | D:3      | Found an opulent altar of Gozag.
  1738 | D:3      | Reached XP level 4. HP: 40/40 MP: 3/3
  2124 | D:3      | Reached XP level 5. HP: 34/47 MP: 4/4
  2159 | D:3      | Found a sparkling altar of Nemelex Xobeh.
  2639 | D:4      | Reached skill level 5 in Axes
  2687 | D:4      | Noticed Edmund
  2700 | D:4      | Killed Edmund
  2700 | D:4      | Reached XP level 6. HP: 43/53 MP: 5/5
  2707 | D:4      | Reached skill level 5 in Armour
  2707 | D:4      | Reached skill level 5 in Shields
  2942 | D:4      | Found a staircase to the Ecumenical Temple.
  3061 | Temple   | Entered the Ecumenical Temple
  3190 | Temple   | Became a worshipper of Makhleb the Destroyer
  3330 | D:4      | Reached skill level 5 in Fighting
  3330 | D:4      | Reached XP level 7. HP: 61/61 MP: 6/6
  3349 | D:4      | Reached skill level 1 in Maces & Flails
  3559 | D:4      | Noticed Grinder
  3570 | D:4      | Killed Grinder
  4192 | D:5      | Entered Level 5 of the Dungeon
  4231 | D:5      | Noticed Menkaure
  4252 | D:5      | Slain by a bullfrog

Vault maps used:
D:1:      mrwooster_arrival_statue, minmay_tetromino_o4
D:2:      lemuel_coloured_pillars_altar, grunt_qazlal_clouds
D:3:      nicolae_overflow_hidden_temple, nicolae_gozag_seed_capital
D:4:      minmay_temple_entry_statues_pillars, first_ration, uniq_edmund,
          uniq_grinder
D:5:      trog_three_pillars_becter, uniq_menkaure
Temple:   regret_index_temple_waves

Skill      XL: |  1  2  3  4  5  6  7 |
---------------+----------------------+-----
Armour         | 4 5 6 |  6.0
Fighting       | 4 5 |  5.5
Axes           | 3 4 5 6 |  6.8
Shields        | 4 5 |  5.7
Maces & Flails | 3 |  3.0
Stealth        | |  0.5

Action                   |  1- 3 |  4- 6 |  7- 9 || total
-------------------------+-------+-------+-------++-------
Melee: War axe           |   100 |    83 |       ||   183
       Headbutt          |    14 |    17 |    10 ||    41
       Flail             |       |    12 |    40 ||    52
  Eat: Chunk             |     3 |     5 |     1 ||     9
       Ration            |       |       |     1 ||     1
Armor: Scale mail        |    46 |    35 |    14 ||    95
Dodge: Dodged            |    36 |    24 |    11 ||    71
Block: Shield            |    52 |    42 |    17 ||   111

Table legend:
 A = Spawn XP
 B = Non-spawn XP
 C = Spawn XP percentage of total XP
 D = Spawn monster count
 E = Non-spawn monster count
 F = Spawn count percentage of total count
 G = Total turns spent on level
                    A         B        C        D         E        F      G
               +---------+---------+-------+---------+---------+-------+---------
         Total |       0 |    1321 |   0.0 |       0 |      83 |   0.0 |  4252
               +---------+---------+-------+---------+---------+-------+---------
           D:1 |       0 |      43 |   0.0 |       0 |      18 |   0.0 |   635
           D:2 |       0 |      50 |   0.0 |       0 |      16 |   0.0 |  1030
           D:3 |       0 |     138 |   0.0 |       0 |      28 |   0.0 |   966
           D:4 |       0 |     968 |   0.0 |       0 |      20 |   0.0 |  1409
           D:5 |       0 |     122 |   0.0 |       0 |       1 |   0.0 |    60
               +---------+---------+-------+---------+---------+-------+---------
